[Event "Rapid del Mercoledì"]
[Site "Chess.com"]
[Date "2020.06.10"]
[Round "1"]
[White "SanSecondoPR"]
[Black "crippo"]
[Result "0-1"]
[WhiteElo "1357"]
[BlackElo "1579"]
[TimeControl "720+3"]
[EndTime "12:03:42 PDT"]
[Termination "crippo ha vinto per scaccomatto"]

1. e4 e5 2. d4 exd4 3. c3 d3 4.
Bxd3 Nc6 5. Nf3 Bc5 6. Be3 Bb6 7. O-O d6 8. Nbd2 Nf6 9. Re1 O-O 10. Qc2 Bg4 11.
Rad1 Ne5 12. Bg5 Bxf3 13. gxf3 h6 14. Bh4 Ng6 15. Bg3 Nh5 16. Kh1 Nhf4 17. Bf1 h5 18. Bg2 h4 19. Bxf4 Nxf4 20. Rf1 h3 21. Nc4 hxg2+ 22. Kg1 gxf1=Q+ 23. Rxf1 Qg5+ 24. Kh1 Qg2# 0-1

[Event "Rapid del Mercoledì"]
[Site "Chess.com"]
[Date "2020.06.10"]
[Round "1"]
[White "Mrtre7"]
[Black "mr6701"]
[Result "0-1"]
[WhiteElo "1484"]
[BlackElo "1818"]
[TimeControl "720+3"]
[EndTime "12:16:52 PDT"]
[Termination "mr6701 ha vinto per abbandono"]

1. d4 d5 2. c4 e6 3. Nc3 Nf6 4. cxd5 exd5 5. Bg5 Be7 6. e3 h6 7. Bh4 O-O 8. Bd3 c5 9. dxc5 Bxc5 10. Qc2 d4 11. exd4 Re8+ 12. Nge2 Qxd4 13. Bg3 Nc6 14. O-O-O Nb4 15. Nxd4 Nxc2 16. Nxc2 Be6 17. Rhe1 Rec8 18.
Kb1 a6 19. Ne4 Be7 20. Nxf6+ Bxf6 21. Be5 Be7 22. Nd4 Bd5 23. Be4 Rc5 24. Bxd5 Rxd5 25. Nf5 Rxd1+ 26. Rxd1 Bc5 27. Bxg7 Re8 28. Bxh6 Bxf2 29. Rf1 Bc5 30. Rf3 Re1+ 31. Kc2 Re2+ 32. Kb3 Rxg2 33. Rg3+ Rxg3+ 34. Nxg3 Kh7 35. Bf4 Kg6 36.
Kc4 Bg1 37. Ne4 Kf5 38. Be3 Bxe3 39. Nd6+ Ke6 40. Nxb7 f5 41. Nc5+ Bxc5 42. Kxc5 Ke5 43. h4 f4 44. h5 f3 45. h6 Kf6 46. Kd4 f2 47. h7 Kg7 48. Ke3 f1=Q 0-1

[Event "Rapid del Mercoledì"]
[Site "Chess.com"]
[Date "2020.06.10"]
[Round "1"]
[White "Carbon"]
[Black "sirmale49"]
[Result "1-0"]
[WhiteElo "1735"]
[BlackElo "1370"]
[TimeControl "720+3"]
[EndTime "12:18:13 PDT"]
[Termination "Carbon ha vinto per abbandono"]

1. e4 d5 2. exd5 Qxd5 3. Nc3 Qd6 4. g3 c6 5. d4 Nf6 6. Bg2 Bf5 7. Bf4 Qb4 8. Rb1 e6 9. a3 Qa5 10. Ne2 Nbd7 11.
O-O Be7 12. h3 h6 13. g4 Bg6 14. Ng3 Nd5 15. Bd2 Qd8 16. Nce4 N5f6 17. Rc1 Nxe4 18.
Nxe4 Nf6 19. Nxf6+ Bxf6 20. c3 Be7 21. Bf4 Bd6 22.
Qd2 f5 23. Rce1 Bxf4 24. Qxf4 O-O 25. Qe3 Re8 26. Qg3 Qg5 27. f4 Qf6 28. Re5 fxg4 29. hxg4 Bf7 30. g5 Qg6 31. Be4 Qh5 32. g6 Qe2 33.
gxf7+ Kxf7 34. Bg6+ 1-0

[Event "Rapid del Mercoledì"]
[Site "Chess.com"]
[Date "2020.06.10"]
[Round "2"]
[White "mr6701"]
[Black "crippo"]
[Result "1-0"]
[WhiteElo "1826"]
[BlackElo "1575"]
[TimeControl "720+3"]
[EndTime "12:27:37 PDT"]
[Termination "mr6701 ha vinto per abbandono"]

1. e4 e5 2. d4 exd4 3. c3 d3 4. Bxd3 Nc6 5. Nf3 d6 6. O-O Be7 7. Qc2 Nf6 8. Rd1 O-O 9. e5 Ng4 10. Bxh7+ Kh8 11. exd6 Bxd6 12. h3 Nh6 13. Bd3 Qf6 14.
Bxh6 Qxh6 15. Nbd2 Bxh3 16. gxh3 Qxh3 17. Bf5 Qh6 18. Qe4 g6 19. Bd7 Bf4 20. Kg2 f5 21.
Qe6 Qg7 22. Rh1+ Bh6 23. Rxh6+ Qxh6 24. Rh1 Qxh1+ 25. Kxh1 Kg7 26. Bxc6 bxc6 27. Qxc6 Rac8 28. Ne5 Rf6 29. Qd7+ 1-0

[Event "Rapid del Mercoledì"]
[Site "Chess.com"]
[Date "2020.06.10"]
[Round "2"]
[White "Mrtre7"]
[Black "Carbon"]
[Result "0-1"]
[WhiteElo "1481"]
[BlackElo "1739"]
[TimeControl "720+3"]
[EndTime "12:29:04 PDT"]
[Termination "Carbon ha vinto per abbandono"]

1. d4 Nf6 2. c4 g6 3. Nc3 Bg7 4. e4 d6 5. Nf3 O-O 6. Be2 e5 7. O-O Nc6 8. d5 Ne7 9. b4 Nh5 10. Re1 Nf4 11. Bf1 f5 12. Ba3 fxe4 13. Nxe4 h6 14. g3 Nh3+ 15. Kh1 Bf5 16. Bxh3 Bxh3 17.
c5 Bg4 18. Re3 Nf5 19. Rd3 Nd4 20. Rxd4 Bxf3+ 0-1

[Event "Rapid del Mercoledì"]
[Site "Chess.com"]
[Date "2020.06.10"]
[Round "2"]
[White "sirmale49"]
[Black "SanSecondoPR"]
[Result "1-0"]
[WhiteElo "1378"]
[BlackElo "1349"]
[TimeControl "720+3"]
[EndTime "12:36:52 PDT"]
[Termination "sirmale49 ha vinto per abbandono"]

1. b3 g6 2. e3 Bg7 3. Nc3 Nf6 4. Bb2 O-O 5. Nf3 Nc6 6. d4 d5 7. Be2 Re8 8. O-O Bf5 9. Bd3 Bxd3 10. cxd3 a6 11.
Rc1 e6 12. Ne5 Bf8 13. a3 Bh6 14. Na4 Ne7 15. Rc2 Rb8 16. Ng4 Bg7 17. Qc1 Rc8 18.
Nc5 Nc6 19. f3 Na5 20. b4 Nc6 21. Nxb7 Qe7 22. Rxc6 h5 23. Ne5 Nh7 24. f4 Qh4 25. Rf3 Bxe5 26. fxe5 f5 27. Rf4 Qe7 28. h4 g5 29. hxg5 Nxg5 30. Nc5 Qg7 31. Kh2 Kf7 32. Nd7 Rh8 33. Nf6 h4 34. Rxc7+ Rxc7 35. Qxc7+ Kg6 36. Qxg7+ Kxg7 37. e4 dxe4 38. dxe4 fxe4 39. Nxe4 Kh6 40. Nf6 Rc8 41. d5 Rc2 42. Bd4 h3 43. Rf2 Nf3+ 44.
gxf3 1-0

[Event "Rapid del Mercoledì"]
[Site "Chess.com"]
[Date "2020.06.10"]
[Round "3"]
[White "crippo"]
[Black "sirmale49"]
[Result "0-1"]
[WhiteElo "1562"]
[BlackElo "1390"]
[TimeControl "720+3"]
[EndTime "12:43:41 PDT"]
[Termination "sirmale49 ha vinto per scaccomatto"]

1. e4 d5 2. d4 dxe4 3. f3 exf3 4. g3 Bg4 5. Qxf3 Bxf3 6. d5 Qxd5 7. Bh3 Qd1+ 8. Kf2 Bg4 9. Nf3 Qxh1 10. Ne5 Bxh3 11.
Nc6 Nxc6 12. Bf4 Qg2+ 13. Ke1 Nd4 14. Nc3 Nxc2+ 15. Kd1 Nxa1 16. Kc1 Qxh2 17. Kb1 Qg1+ 18. Nd1 Qxd1+ 19. Bc1 Qxc1+ 20. Kxc1 Nf6 21. g4 Ne4 22. Kb1 Nd2+ 23. Kc1 O-O-O 24. g5 f6 25. g6 hxg6 26. a4 Nc2 27. b4 a5 28. b5 b6 29. Kb2 e5 30. Kc3 Bb4+ 31. Kb2 Bg4 32. Kc1 Rh1+ 33.
Kb2 Rb1+ 34. Ka2 Rb2+ 35. Kxb2 Nc4+ 36. Ka2 Rd2 37. Kb1 N2a3+ 38. Ka1 Ra2+ 39. Kxa2 Nb2 40. Ka1 Nxa4 41. Ka2 Be6+ 42. Ka1 Bc3# 0-1

[Event "Rapid del Mercoledì"]
[Site "Chess.com"]
[Date "2020.06.10"]
[Round "3"]
[White "Carbon"]
[Black "mr6701"]
[Result "0-1"]
[WhiteElo "1732"]
[BlackElo "1840"]
[TimeControl "720+3"]
[EndTime "12:49:44 PDT"]
[Termination "mr6701 ha vinto per abbandono"]

1. e4 d5 2. exd5 Nf6 3. d4 Nxd5 4. c4 Nf6 5. Nc3 e5 6. Qe2 Qxd4 7. Nf3 Qd8 8. Nxe5 Be7 9. Bg5 O-O 10. Rd1 Nbd7 11. g3 Re8 12. Bh3 Bd6 13. f4 Nxe5 14. fxe5 Bxh3 15.
Ne4 Rxe5 0-1

[Event "Rapid del Mercoledì"]
[Site "Chess.com"]
[Date "2020.06.10"]
[Round "3"]
[White "SanSecondoPR"]
[Black "Mrtre7"]
[Result "1-0"]
[WhiteElo "1360"]
[BlackElo "1470"]
[TimeControl "720+3"]
[EndTime "12:50:25 PDT"]
[Termination "SanSecondoPR ha vinto per scaccomatto"]

1. e4 c5 2. d4 cxd4 3. Nf3 g6 4. Nxd4 Nc6 5. Nb3 Bg7 6. Nc3 Nf6 7. Bg5 O-O 8. Qd2 Re8 9. O-O-O d6 10. f3 Nd7 11.
Kb1 Nb6 12. Bb5 Be6 13. Nd5 Nxd5 14. exd5 Bxd5 15. Qxd5 Nb4 16. Qc4 a5 17. Bxe8 Rc8 18.
Qxf7+ Kh8 19. Ba4 Rxc2 20. Nd4 Rxb2+ 21. Kxb2 Nd3+ 22. Rxd3 Qb6+ 23. Bb3 Bxd4+ 24. Kb1 d5 25. Qf8# 1-0